 Dungeon Sprint DCSS version 0.21-a0-91-ga5031da (webtiles) character file.

5250 Kidiri the Martial Artist (level 10, -7/99 HPs)
             Began as a Black Draconian Transmuter on June 28, 2017.
             Was a High Priest of Wu Jian.
             Mangled by a sun demon (8 damage)
             ... in the Dungeon (Sprint VII: "The Pits").
             The game lasted 00:07:02 (2022 turns).

Kidiri the Martial Artist (DrTm)                    Turns: 2022, Time: 00:07:02

Health: -7/99      AC:  8    Str: 14    XL:     10   Next: 36%
Magic:  21/24      EV:  2    Int: 13    God:    Wu Jian [*****.]
Gold:   0          SH:  0    Dex: 14    Spells: 14/29 levels left

rFire    . . .     SeeInvis .     - Unarmed
rCold    + . .     Gourm    .   (no shield)
rNeg     + + +     Faith    .   (armour unavailable)
rPois    ∞         Spirit   .   (helmet restricted)
rElec    +         Reflect  .   u - +0 cloak
rCorr    .         Harm     .   (no gloves)
MR       .....     NoTele   +   (no boots)
Stlth    ++........             (no amulet)
HPRegen  0.26/turn              (no ring)
MPRegen  0.19/turn              (no ring)

@: petrified, glowing, heavenly storm
A: breathe lightning, unfitting armour, hooves 1, cold resistance 1, robust 1,
electricity resistance, cold-blooded, AC +7
a: Breathe Lightning, Serpent's Lash, Heavenly Storm, Renounce Religion


You were in the Dungeon.
You worshipped Wu Jian.
Wu Jian was extremely pleased with you.
You were hungry.

You visited 1 branch

Inventory:

Missiles
 a - 30 arrows
Armour
 u - a +0 cloak (worn)
Jewellery
 q - a +3 ring of protection
 r - a +3 ring of protection
Scrolls
 i - a scroll of blinking
 k - 3 scrolls of remove curse
 l - 5 scrolls of amnesia
 m - a scroll of summoning
Potions
 d - 8 potions of curing
 e - 7 potions of heal wounds
 f - 2 potions of haste
 g - 4 potions of magic
 h - 4 potions of berserk rage
 j - 2 potions of invisibility
 t - a potion of brilliance
Books
 b - a book of Changes

   Spells                             Type                      Level
   a - Beastly Appendage              Transmutation                1
   b - Sticks to Snakes               Transmutation                2
   c - Spider Form                    Transmutation/Poison         3
   d - Ice Form                       Ice/Transmutation            4
   e - Blade Hands                    Transmutation                5
Comestibles
 c - 8 bread rations
 n - 40 fruits
 o - 7 meat rations


   Skills:
 + Level 8.4 Fighting
 * Level 10.1 Dodging
 + Level 7.5 Stealth
 * Level 11.2 Unarmed Combat
 * Level 10.2 Spellcasting
 + Level 8.1 Transmutations
 + Level 7.0 Ice Magic
 + Level 7.1 Poison Magic


You had 14 spell levels left.
You knew the following spells:

 Your Spells              Type           Power        Failure   Level  Hunger
a - Beastly Appendage     Tmut           ####..       1%          1    None
b - Sticks to Snakes      Tmut           ####....     1%          2    None
c - Spider Form           Tmut/Pois      ####......   1%          3    #......
d - Ice Form              Ice/Tmut       ####....     4%          4    ###....
e - Blade Hands           Tmut           ####......   11%         5    #####..


Dungeon Overview and Level Annotations

Branches:
Dungeon (1/1)

Altars:
Ashenzari
Cheibriados
Dithmenos
Elyvilon
Fedhas
Gozag
Hepliaklqana
Kikubaaqudgha
Makhleb
Nemelex Xobeh
Okawaru
Qazlal
Ru
Sif Muna
Trog
Uskayaw
Vehumet
Wu Jian
Xom
Yredelemnul
Zin
The Shining One
Beogh
Jiyva
Lugonu


Innate Abilities, Weirdness & Mutations

You can breathe wild blasts of lightning.
Your glossy black scales are hard. (AC +7)
You cannot fit into any form of body armour.
You are resistant to electric shocks. (rElec)
You are cold-blooded and may be slowed by cold attacks.
You have large cloven feet.
Your flesh is cold resistant. (rC+)
You are robust. (+10% HP)


Message History

You feel much better.
The redback bites you but does no damage. x2
The redback bites you! The sun demon barely misses you.
The basilisk gazes at you. You resist with some effort.
The redback bites you but does no damage.
The sun demon hits you!!
* * * LOW HITPOINT WARNING * * *
You are engulfed in flames!
* * * LOW HITPOINT WARNING * * *
You have turned to stone.
Your hands revert to their normal proportions.
The redback bites you!
* * * LOW HITPOINT WARNING * * *
The basilisk gazes at you.
The redback bites you but does no damage.
The redback completely misses you. The sun demon hits you!
* * * LOW HITPOINT WARNING * * *
You are engulfed in flames!
You die...

#### ###########
...# #....[....#
...# ##.).....##
..## ####...#### ##
'##
###..+...'§§##§.#
..###....##+##§§§§§#
)..#....##...##§§§§#
...'÷...+.(...+ssl§+
...#..).##...##s@3§#
.)###....##+##§§§§§#
+##
###..+...+§§##§.#
..## ####%))#### ###
...# ##.).))..##
...# #.........#
#### ###########


You could see a sun demon, a basilisk and 3 redbacks.

Vanquished Creatures
  A flayed ghost (D)
  A deep elf mage (D)
  A cyclops (D)
  An elephant (D)
  A gargoyle (D)
  A spiny frog (D)
  2 polar bears (D)
  Sigmund (D)
  A redback (D)
  A basilisk (D)
  A chaos spawn (D)
  A steam dragon (D)
  3 vampire mosquitoes (D)
  Edmund (D)
  3 wargs (D)
  3 floating eyes (D)
  2 necrophages (D)
  A wolf (D)
  3 centaurs (D)
  A bullfrog (D)
  5 wights (D)
  A crimson imp (D)
  A hound (D)
  Jessica (D)
  A hell rat (D)
  A gnoll (D)
  A river rat (D)
  An ufetubus (D)
  An adder zombie (D)
  A worm (D)
  A leopard gecko (D)
  A bat zombie (D)
  A hobgoblin (D)
  A quokka (D)
  2 frilled lizards (D)
  A kobold (D)
51 creatures vanquished.

Vanquished Creatures (others)
  A tarantella (D)
1 creature vanquished.

Grand Total: 52 creatures vanquished

Notes
Turn   | Place    | Note
-------+----------+-------------------------------------------
     0 | D        | Kidiri the Draconian Transmuter began the quest for the Orb.
     0 | D        | Reached XP level 1. HP: 16/16 MP: 3/3
    24 | D        | Found a bloodstained altar of Trog.
    24 | D        | Found a deep blue altar of Sif Muna.
    24 | D        | Found a viscous altar of Jiyva.
    24 | D        | Found a hazy altar of Hepliaklqana.
    24 | D        | Found an opulent altar of Gozag.
    52 | D        | Found a glowing golden altar of the Shining One.
    52 | D        | Found a glowing silver altar of Zin.
    52 | D        | Found a basalt altar of Yredelemnul.
    52 | D        | Found a shimmering altar of Xom.
    52 | D        | Found an ornate altar of the Wu Jian Council.
    52 | D        | Found a sacrificial altar of Ru.
    52 | D        | Found a stormy altar of Qazlal.
    52 | D        | Found an iron altar of Okawaru.
    52 | D        | Found a sparkling altar of Nemelex Xobeh.
    52 | D        | Found a burning altar of Makhleb.
    52 | D        | Found a blossoming altar of Fedhas.
    52 | D        | Found a white marble altar of Elyvilon.
    52 | D        | Found a shadowy altar of Dithmenos.
    52 | D        | Found a snail-covered altar of Cheibriados.
    54 | D        | Found a radiant altar of Vehumet.
    54 | D        | Found a corrupted altar of Lugonu.
    54 | D        | Found a roughly hewn altar of Beogh.
    55 | D        | Found a hide-covered altar of Uskayaw.
    55 | D        | Found an ancient bone altar of Kikubaaqudgha.
    55 | D        | Found a shattered altar of Ashenzari.
    61 | D        | Became a worshipper of the Wu Jian Council
    85 | D        | Noticed a floating eye
    89 | D        | Killed a floating eye
    89 | D        | Reached skill level 5 in Unarmed Combat
    89 | D        | Reached XP level 2. HP: 26/26 MP: 2/7
    89 | D        | Reached XP level 3. HP: 31/31 MP: 2/8
    89 | D        | Reached XP level 4. HP: 38/38 MP: 2/10
   156 | D        | Learned a level 2 spell: Sticks to Snakes
   160 | D        | Learned a level 3 spell: Spider Form
   165 | D        | Learned a level 4 spell: Ice Form
   174 | D        | Reached * piety under Wu Jian
   380 | D        | Reached ** piety under Wu Jian
   385 | D        | Reached skill level 1 in Ice Magic
   488 | D        | Noticed a floating eye
   491 | D        | Noticed a bullfrog
   493 | D        | Killed a floating eye
   493 | D        | Reached *** piety under Wu Jian
   493 | D        | Reached skill level 5 in Dodging
   493 | D        | Reached skill level 6 in Unarmed Combat
   493 | D        | Reached skill level 5 in Spellcasting
   493 | D        | Reached skill level 1 in Poison Magic
   493 | D        | Reached XP level 5. HP: 46/46 MP: 6/12
   500 | D        | Reached XP level 6. HP: 53/53 MP: 7/14
   509 | D        | Noticed Edmund
   518 | D        | Killed Edmund
   518 | D        | Reached skill level 5 in Fighting
   518 | D        | Reached skill level 7 in Unarmed Combat
   519 | D        | Reached **** piety under Wu Jian
   519 | D        | Reached skill level 5 in Transmutations
   739 | D        | Noticed a warg
   748 | D        | Killed a warg
   748 | D        | Your scales start taking on a glossy black colour.
   748 | D        | Reached XP level 7. HP: 33/61 MP: 14/17
   748 | D        | Gained mutation: You are resistant to electric shocks. (rElec) [Black Draconian growth]
   892 | D        | Learned a level 5 spell: Blade Hands
   893 | D        | Noticed a polar bear
   896 | D        | Killed a polar bear
   896 | D        | Reached skill level 8 in Unarmed Combat
   898 | D        | Noticed Sigmund
   900 | D        | Reached skill level 5 in Stealth
   901 | D        | Reached XP level 8. HP: 53/70 MP: 14/19
   904 | D        | Killed Sigmund
   908 | D        | Reached ***** piety under Wu Jian
  1137 | D        | Noticed an elephant
  1144 | D        | Killed an elephant
  1144 | D        | Reached skill level 9 in Unarmed Combat
  1144 | D        | Reached skill level 5 in Ice Magic
  1144 | D        | Reached skill level 5 in Poison Magic
  1212 | D        | Gained mutation: You are weak. (Str -2) [potion of mutation]
  1212 | D        | Gained mutation: Your magical capacity is low. (-10% MP) [potion of mutation]
  1212 | D        | Lost mutation: You are weak. (Str -2) [potion of mutation]
  1213 | D        | Lost mutation: Your magical capacity is low. (-10% MP) [potion of mutation]
  1213 | D        | Gained mutation: You have large cloven feet. [potion of mutation]
  1213 | D        | Gained mutation: Your flesh is cold resistant. (rC+) [potion of mutation]
  1213 | D        | Gained mutation: You are robust. (+10% HP) [potion of mutation]
  1409 | D        | Noticed a flayed ghost
  1409 | D        | Noticed a spiny frog
  1413 | D        | Killed a flayed ghost
  1413 | D        | Reached XP level 9. HP: 85/85 MP: 16/21
  1414 | D        | Killed a spiny frog
  1414 | D        | Reached skill level 10 in Unarmed Combat
  1484 | D        | Noticed a gargoyle
  1487 | D        | Killed a gargoyle
  1494 | D        | Noticed a cyclops
  1494 | D        | Noticed a polar bear
  1496 | D        | Killed a cyclops
  1502 | D        | Killed a polar bear
  1542 | D        | Reached XP level 10. HP: 95/95 MP: 17/23
  1543 | D        | Noticed a deep elf mage
  1546 | D        | Killed a deep elf mage
  1548 | D        | Reached skill level 11 in Unarmed Combat
  1548 | D        | Reached skill level 10 in Spellcasting
  1549 | D        | Reached ****** piety under Wu Jian
  1632 | D        | Noticed Jessica
  1635 | D        | Killed Jessica
  1650 | D        | Reached skill level 10 in Dodging
  2012 | D        | Noticed a sun demon
  2022 | D        | HP: 1/99 [sun demon (7)]
  2022 | D        | Mangled by a sun demon

Vault maps used:
D:        pitsprint

Skill      XL: |  1  2  3  4  5  6  7  8  9 10 |
---------------+-------------------------------+-----
Dodging        | 4 5 6 7 8 9 10 | 10.1
Fighting       | 3 4 5 6 7 8 |  8.4
Stealth        | 2 3 4 5 6 7 |  7.5
Unarmed Combat | 5 6 7 8 9 10 11 | 11.2
Spellcasting   | 4 5 6 7 8 9 10 | 10.2
Transmutations | 3 4 5 6 7 8 |  8.1
Ice Magic      | 2 3 4 5 6 7 |  7.0
Poison Magic   | 1 2 3 4 5 6 7 |  7.1

Action                   |  1- 3 |  4- 6 |  7- 9 | 10-12 || total
-------------------------+-------+-------+-------+-------++-------
Melee: Unarmed           |     5 |    42 |    45 |    40 ||   132
       Tailslap          |     1 |       |     2 |     2 ||     5
       Kick              |     1 |       |     6 |     2 ||     9
       Punch             |     1 |       |     1 |     1 ||     3
 Cast: Beastly Appendage |     2 |       |       |       ||     2
       Spider Form       |       |     4 |       |       ||     4
       Ice Form          |       |     1 |       |       ||     1
       Sticks to Snakes  |       |     1 |       |       ||     1
       Blade Hands       |       |       |     7 |     2 ||     9
Invok: Serpent's Lash    |       |       |     4 |       ||     4
       Heavenly Storm    |       |       |       |     2 ||     2
  Use: Potion            |       |       |     2 |     1 ||     3
 Stab: Sleeping          |       |     2 |     8 |     1 ||    11
       Distracted        |       |       |     3 |       ||     3
  Eat: Chunk             |       |       |     5 |     2 ||     7
Armor: Skin              |       |     2 |     3 |    15 ||    20
Dodge: Dodged            |       |    28 |    14 |    34 ||    76
